 Dungeon Crawl Stone Soup version 0.28.0 (webtiles) character file.

Game seed: 3316206981400151172

83475 browni3141 the Spry (level 16, -10/97 HPs)
             Began as a Kobold Warper on Feb 9, 2022.
             Was the Champion of Nemelex Xobeh.
             Killed from afar by Azrael (29 damage)
             ... with damnation
             ... on level 13 of the Dungeon.
             The game lasted 01:52:59 (36486 turns).

browni3141 the Spry (Kobold Warper)                Turns: 36486, Time: 01:53:00

Health: -10/97     AC: 17    Str: 14    XL:     16   Next: 24%
Magic:  11/16      EV: 36    Int: 23    God:    Nemelex Xobeh [******]
Gold:   2250       SH:  7    Dex: 21    Spells: 1/23 levels left

rFire   + + .      SeeInvis .   c - +1 dagger (holy)
rCold   . . .      Faith    .   s - +0 buckler of Nath {rPois Regen+ MP-9 Int+5}
rNeg    + + +      Spirit   .   X - +4 scale mail {rF+}
rPois   +          Reflect  .   L - +1 hat
rElec   .          Harm     .   l - scarf {rC+ rF+}
rCorr   +          Rampage  .   n - +4 pair of gloves of the Cuttlefish {rF- rN+++ Will+ Int+2}
Will    +++..                   (no boots)
Stlth   ++++++....              f - amulet of Wolues {Acrobat rCorr}
HPRegen 1.06/turn               I - ring of fire
MPRegen 0.15/turn               t - ring of Deyden {Will+ Str+5 Dex+3}

@: acrobatic, on blink cooldown
A: small, no large weapons, nightstalker 3, beak, clumsy 1, MP-powered wands
a: Renounce Religion, Draw Escape, Draw Destruction, Draw Summoning, Draw Stack,
Triple Draw, Deal Four, Stack Five


You were on level 13 of the Dungeon.
You worshipped Nemelex Xobeh.
Nemelex Xobeh was exalted by your worship.
You visited 4 branches of the dungeon, and saw 22 of its levels.
You also visited: Sewer, Gauntlet and Ice Cave.

You collected 2898 gold pieces.
You spent 648 gold pieces at shops.

Inventory:

Hand Weapons
 a - a +1 short sword of draining
 c - a +1 dagger of holy wrath (weapon)
 J - the +8 whip "Snakebite" {venom, curare, rPois}
   (You found it on level 1 of the Lair of Beasts)

   It poisons the flesh of those it strikes.
   It occasionally inflicts asphyxiating poison on those it strikes, dealing
   poison damage and causing slowness.
   rPois:     It protects you from poison.
Missiles
 d - 4 boomerangs of dispersal
 N - 6 curare-tipped darts
 P - 22 boomerangs
 W - a throwing net
Armour
 l - a scarf of resistance (worn)
 m - the +5 hat of Immorality {Harm Rampage Drain Will+++}
   (You found it in a Gauntlet)

   Drain:     It drains your maximum health when unequipped.
   Harm:      It increases damage dealt and taken.
   Rampage:   It bestows one free step when moving towards enemies.
   Will:      It greatly increases your willpower.
 n - the +4 pair of gloves of the Cuttlefish (worn) {rF- rN+++ Will+ Int+2}
   (You found it in a Gauntlet)

   Int:       It affects your intelligence (+2).
   rF:        It makes you vulnerable to fire.
   rN:        It renders you almost immune to negative energy.
   Will:      It increases your willpower.
 s - the +0 buckler of Nath (worn) {rPois Regen+ MP-9 Int+5}
   (You bought it in a shop on level 5 of the Dungeon)

   Int:       It affects your intelligence (+5).
   rPois:     It protects you from poison.
   MP:        It affects your magic capacity (-9).
   Regen:     It increases your rate of health regeneration.
 L - a +1 hat (worn)
 X - a +4 scale mail of fire resistance (worn)
Jewellery
 e - a ring of wizardry
 f - the amulet of Wolues (around neck) {Acrobat rCorr}
   (You took it off a minotaur in a Gauntlet)

   [amulet of the acrobat]

   It increases your evasion while moving and waiting.
   rCorr:     It protects you from acid and corrosion.
 h - an amulet of guardian spirit
 t - the ring of Deyden (right hand) {Will+ Str+5 Dex+3}
   (You found it in a Gauntlet)

   [ring of willpower]

   Str:       It affects your strength (+5).
   Dex:       It affects your dexterity (+3).
   Will:      It increases your willpower.
 C - a ring of ice
 E - a ring of see invisible
 I - a ring of fire (left hand)
 Z - an amulet of magic regeneration
Wands
 b - a wand of charming (10)
 r - a wand of iceblast (15)
 B - a wand of digging (4)
 Y - a wand of polymorph (8)
Scrolls
 g - 8 scrolls of teleportation
 k - a scroll of noise
 o - 2 scrolls of blinking
 p - 3 scrolls of magic mapping
 q - 4 scrolls of enchant weapon
 w - 4 scrolls of amnesia
 x - 3 scrolls of fear
 y - a scroll of silence
 F - 4 scrolls of fog
 G - a scroll of torment
 H - 3 scrolls of vulnerability
 K - 8 scrolls of enchant armour
 Q - a scroll of holy word
 R - a scroll of immolation
Potions
 i - 4 potions of mutation
 j - a potion of resistance
 u - 2 potions of invisibility
 v - a potion of lignification
 z - a potion of cancellation
 A - a potion of might
 D - 3 potions of attraction {unknown}
 M - 2 potions of magic {unknown}
 O - 2 potions of flight {unknown}
 S - 4 potions of curing
 T - a potion of ambrosia {unknown}
 U - 6 potions of haste
 V - a potion of berserk rage {unknown}


   Skills:
 - Level 10.0 Fighting
 - Level 8.0 Short Blades
 - Level 5.0 Maces & Flails
 - Level 1.1 Throwing
 - Level 5.0 Armour
 - Level 15.0 Dodging
 - Level 15.0 Stealth
 - Level 5.0 Shields
 - Level 4.0 Spellcasting
 * Level 11.2 Hexes
 - Level 6.0 Translocations
 - Level 12.6 Invocations
 - Level 4.0 Evocations


You had one spell level left.
You knew the following spells:

 Your Spells              Type           Power      Damage    Failure   Level
a - Blink                 Tloc           64%        N/A       8%          2
b - Gell's Gravitas       Tloc           32%        N/A       14%         3
c - Lesser Beckoning      Tloc           32%        N/A       14%         3
d - Teleport Other        Tloc           32%        N/A       14%         3
e - Passage of Golubria   Tloc           32%        N/A       43%         4
f - Cause Fear            Hex            27%        N/A       6%          4
g - Confusing Touch       Hex            54%        N/A       1%          3

Your spell library contained the following spells:

 Spells                   Type           Power      Damage    Failure   Level
 Slow                     Hex            100%       N/A       1%          1
 Animate Skeleton         Necr           8%         N/A       50%         1
 Magic Dart               Conj           16%        1d3       50%         1
 Pain                     Necr           16%        1d4       50%         1
 Sandblast                Erth           8%         2d5       50%         1
 Sting                    Tmut/Pois      16%        1d3       50%         1
 Summon Guardian Golem    Hex/Summ       30%        N/A       17%         3
 Fulminant Prism          Conj/Hex       15%        3d11      50%         4
 Leda's Liquefaction      Hex/Erth       15%        N/A       50%         4
 Passwall                 Tmut/Erth      3%         N/A       65%         2
 Poisonous Vapours        Pois/Air       8%         N/A       65%         2
 Searing Ray              Conj           8%         2d4       65%         2
 Manifold Assault         Tloc           32%        N/A       80%         5
 Silence                  Hex/Air        15%        N/A       85%         5
 Conjure Flame            Conj/Fire      6%         6-21      86%         3
 Ignite Poison            Fire/Tmut/Pois 6%         N/A       86%         3
 Stone Arrow              Conj/Erth      8%         3d7       86%         3
 Vampiric Draining        Necr           4%         2d6       86%         3
 Animate Armour           Summ/Erth      8%         N/A       99%         4
 Hailstorm                Conj/Ice       4%         3d4       99%         4
 Ice Form                 Ice/Tmut       4%         N/A       99%         4
 Olgreb's Toxic Radiance  Pois           4%         N/A       99%         4
 Sticky Flame             Conj/Fire      6%         2d3       99%         4
 Enfeeble                 Hex            27%        N/A       99%         7
 Blade Hands              Tmut           2%         N/A       100%        5
 Freezing Cloud           Conj/Ice/Air   2%         6-21      100%        5
 Lee's Rapid Deconstruct  Erth           2%         3d5*      100%        5
 Iron Shot                Conj/Erth      2%         9d2       100%        6
 Simulacrum               Ice/Necr       2%         N/A       100%        6
 Statue Form              Tmut/Erth      2%         N/A       100%        6
 Orb of Destruction       Conj           2%         9d5       100%        7
 Spellforged Servitor     Conj/Summ      2%         N/A       100%        7
 Lehudib's Crystal Spear  Conj/Erth      2%         10d2      100%        8
 Polar Vortex             Ice            2%         N/A       100%        9
 Shatter                  Erth           2%         3d6*      100%        9


Dungeon Overview and Level Annotations

Branches:
Dungeon (13/15)            Temple (1/1) D:5            Lair (6/6) D:11
 Shoals (0/4) Lair:2        Snake (0/4) Lair:3        Slime (0/5) Lair:6
    Orc (2/2) D:11            Elf (0/3) Orc:2         Sewer (visited)
  IceCv (visited)         Gauntlet (visited)
 Vaults: D:13-14

Altars:
Ashenzari
Cheibriados
Dithmenos
Elyvilon
Fedhas
Gozag
Hepliaklqana
Kikubaaqudgha
Makhleb
Nemelex Xobeh
Okawaru
Qazlal
Ru
Sif Muna
Trog
Uskayaw
Vehumet
Wu Jian
Xom
Yredelemnul
Zin
The Shining One
Jiyva

Shops:
D:3 *   D:5 [   D:10 *   D:13 (   Orc:2 *?*(

Portals:
Hell: Lair:6
Abyss: D:6

Annotations:
D:6 2 transporters
D:11 exclusion: 2 doors
D:13 Azrael
Lair:1 exclusion: hydra
Lair:2 exclusions: downstairs and hydra
Lair:5 exclusion: downstairs


Innate Abilities, Weirdness & Mutations

You are small and have problems with some larger weapons.
You are completely attuned to the shadows.
You have a beak for a mouth.
You are clumsy. (Dex -2)
You expend magic power (3 MP) to strengthen your wands.


Message History

Here: Azrael, wielding a +3 scimitar of flaming (lightly wounded)
The floor.
Your hands begin to glow red.
The hell hound breathes flames at you. The blast of flame hits you! You resist.
Azrael completely misses you. The hell hound bites you.
You hit Azrael but do no damage.
Azrael is lightly wounded.
The hell hound barely misses you.
Azrael hits you with a +3 scimitar of flaming!
You hit Azrael but do no damage. The hell hound bites you.
You hit Azrael but do no damage.
Azrael appears confused.
You peck Azrael, but do no damage. The hell hound bites you.
You hit Azrael but do no damage. The hell hound breathes flames at you.
The blast of flame misses you.
Really walk into that cloud of flame? [Y]es or [N]o only, please.
Really walk into that cloud of flame?
You are engulfed in blazing flames.
You resist.
You hit Azrael but do no damage.
You are engulfed in blazing flames.
You resist. You block the hell hound's attack.
Azrael drinks a potion.
Azrael seems less confused.
You hit Azrael.
Azrael convulses.
Azrael is lightly wounded.
The hell hound bites you! Azrael closely misses you.
You hit Azrael but do no damage. You peck Azrael, but do no damage.
Azrael is lightly wounded.
You block the hell hound's attack.
Unknown command.
Casting: Confusing Touch (safe; 1% risk of failure)
Confirm with . or Enter, or press ? or * to list all spells.
You blink.
Azrael gestures at you.
The sphere of damnation explodes!
The damnation engulfs you!!!
* * * LOW HITPOINT WARNING * * *
Azrael gestures at you.
The sphere of damnation explodes!
The damnation engulfs you!!
You die...
Your body glows with a rainbow of weird colours and disappears.

##################
#.................
#.################
##@#### **,,,,
#.^...#### *,,,**
#hR......# *,,,*
#..#...#.##***,,,*
#...#.#.....,*,,,*
##...∩......,**+***
#..#.#....,,,,,,,,
******#.#...#.#*,,,,,,,,
*,,,,......?..#*,,,,,,,,


You could see Azrael and a hell hound.

Vanquished Creatures
  Frances (D:12)
  Donald (Orc:2)
  A minotaur (Gauntlet)
  Fannar (Lair:1)
  Harold (D:7)
  A centaur warrior (D:11)
  Erica (Lair:1)
  8 hydras
  A boulder beetle (D:11)
  2 catoblepae
  5 two-headed ogres
  4 orc high priests
  Urug (Lair:6)
  A sun demon (Lair:6)
  A fire crab (shapeshifter) (D:13)
  A wizard (Lair:6)
  A lindwurm (Lair:4)
  2 orc knights (Orc:2)
  A bog body (IceCv)
  2 deep elf pyromancers (D:11)
  A necromancer (IceCv)
  2 ugly things
  4 orc sorcerers
  2 manticores
  A cyclops (D:12)
  9 elephants
  6 black mambas
  A torpor snail (Lair:3)
  2 ice statues (IceCv)
  2 smoke demons
  A gargoyle (D:11)
  17 cane toads
  An unseen horror (D:13)
  An orange demon (Lair:6)
  9 komodo dragons
  A kobold demonologist (D:12)
  A yaktaur (shapeshifter) (D:11)
  A freezing wraith (IceCv)
  6 rime drakes
  5 anaconda simulacra (IceCv)
  8 ice devils
  2 entropy weaver simulacra (IceCv)
  A red devil (Lair:6)
  A polar bear (Lair:6)
  4 meliai (D:11)
  10 trolls
  A queen bee (D:11)
  A wolf spider simulacrum (Gauntlet)
  8 slime creatures (D:13)
  A dream sheep (Lair:6)
  A snapping turtle (Lair:2)
  32 blink frogs
  3 shadows
  Sigmund (D:4)
  2 centaur simulacra
  2 wraiths
  3 fire elementals
  50 yaks
  Eustachio (D:5)
  4 basilisks
  A vampire mosquito (D:12)
  A warg (Orc:1)
  A death yak simulacrum (IceCv)
  3 nagas (Lair:3)
  An acid dragon (D:11)
  3 harpy simulacra (IceCv)
  22 water moccasins
  13 orc warriors
  6 hell hounds
  2 small abominations (Gauntlet)
  3 sky beasts
  An ice beast (D:7)
  2 hornet zombies (D:8)
  An ice dragon simulacrum (Gauntlet)
  A black bear (shapeshifter) (D:10)
  5 black bears
  4 ogres
  21 wolves
  4 centaurs
  5 kobold brigands
  10 bullfrogs
  4 scorpions
  22 killer bees (D:11)
  A howler monkey (D:11)
  5 wights (D:8)
  2 electric eels (Lair:2)
  2 crimson imps (Gauntlet)
  5 centaur zombies
  5 hounds
  6 jellies
  8 orc priests
  2 gnoll shamans
  3 iguanas
  16 orc wizards
  A spriggan simulacrum (IceCv)
  Ijyb (D:5)
  A troll simulacrum (IceCv)
  A killer bee zombie (D:8)
  A hound skeleton (D:5)
  3 howler monkey zombies
  17 gnolls
  A naga simulacrum (IceCv)
  3 adders
  A shadow imp (D:6)
  A white imp (D:6)
  An ufetubus (D:5)
  2 adder skeletons (D:4)
  A worm (D:2)
  2 dart slugs
  42 orcs
  7 bats
  6 endoplasms
  3 giant cockroaches (D:1)
  8 goblins
  6 hobgoblins
  3 jackals (D:4)
  16 kobolds
  4 quokkas
  17 ball pythons
  11 frilled lizards
  6 rats
603 creatures vanquished.

Vanquished Creatures (collateral kills)
  An orc knight (Orc:2)
  A lindwurm (Lair:6)
  An orc sorcerer (Orc:2)
  A cyclops (D:11)
  2 cane toads (Lair:6)
  A komodo dragon (Lair:6)
  A meliai (D:11)
  An orc warrior (Orc:2)
  A killer bee (D:11)
  An orc wizard (Orc:2)
11 creatures vanquished.

Vanquished Creatures (others)
  33 demonic plants (Gauntlet)
  85 fungi
  94 plants
212 creatures vanquished.

Grand Total: 826 creatures vanquished

Notes
Turn   | Place    | Note
-------+----------+-------------------------------------------
     0 | D:1      | browni3141 the Kobold Warper began the quest for the Orb.
     0 | D:1      | Reached XP level 1. HP: 12/12 MP: 3/3
   252 | D:1      | Reached XP level 2. HP: 18/18 MP: 5/5
   641 | D:1      | Reached XP level 3. HP: 24/24 MP: 6/6
  1194 | D:2      | Noticed a phantom
  1400 | D:1      | Learned a level 2 spell: Blink
  1404 | D:1      | Learned a level 3 spell: Gell's Gravitas
  1528 | D:2      | Found a faded altar of an unknown god.
  2087 | D:3      | Reached XP level 4. HP: 29/29 MP: 7/7
  2585 | D:3      | Found Morchyr's Assorted Antiques.
  2590 | D:3      | Bought a fuming sapphire potion for 19 gold pieces
  2590 | D:3      | Bought a fizzy red potion for 19 gold pieces
  2590 | D:3      | Bought a glowing red potion for 19 gold pieces
  2590 | D:3      | Bought a black potion for 19 gold pieces
  2681 | D:3      | Found a glowing drain.
  2685 | Sewer    | Entered a sewer
  2698 | Sewer    | Noticed a kobold brigand
  2700 | Sewer    | Reached XP level 5. HP: 32/33 MP: 8/8
  2716 | Sewer    | Killed a kobold brigand
  3086 | Sewer    | Noticed a kobold brigand
  3098 | Sewer    | Killed a kobold brigand
  3099 | Sewer    | Reached skill level 5 in Fighting
  3099 | Sewer    | Reached XP level 6. HP: 33/40 MP: 10/10
  3377 | Sewer    | Gained mutation: You are frail. (-10% HP) [potion of
                  | mutation]
  3377 | Sewer    | Gained mutation: Your flesh is heat resistant. (rF+)
                  | [potion of mutation]
  3577 | Sewer    | Lost mutation: You are frail. (-10% HP) [potion of
                  | mutation]
  3577 | Sewer    | Lost mutation: Your flesh is heat resistant. (rF+) [potion
                  | of mutation]
  3577 | Sewer    | Gained mutation: You expend magic power (3 MP) to
                  | strengthen your wands. [potion of mutation]
  3577 | Sewer    | Gained mutation: You are clumsy. (Dex -2) [potion of
                  | mutation]
  3577 | Sewer    | Gained mutation: You have a beak for a mouth. [potion of
                  | mutation]
  4150 | D:3      | Learned a level 3 spell: Lesser Beckoning
  4154 | D:3      | Learned a level 3 spell: Teleport Other
  4467 | D:4      | Noticed Sigmund
  4473 | D:4      | Killed Sigmund
  4474 | D:4      | Reached skill level 5 in Translocations
  4474 | D:4      | Reached XP level 7. HP: 46/46 MP: 7/11
  5025 | D:4      | Reached skill level 1 in Evocations
  5690 | D:5      | Entered Level 5 of the Dungeon
  5719 | D:5      | Reached skill level 1 in Stealth
  5719 | D:5      | Reached XP level 8. HP: 48/51 MP: 10/12
  5751 | D:5      | Noticed a shadow
  5781 | D:5      | Killed a shadow
  5950 | D:5      | Noticed Eustachio
  6209 | D:5      | Found Yssenge's Antique Armour Shoppe.
  6236 | D:5      | Reached skill level 5 in Short Blades
  6432 | D:5      | Found a staircase to the Ecumenical Temple.
  6442 | D:5      | Reached skill level 5 in Dodging
  6445 | Temple   | Entered the Ecumenical Temple
  6830 | Temple   | Became a worshipper of Nemelex Xobeh the Trickster
  6951 | D:5      | Noticed Ijyb
  6962 | D:5      | Killed Ijyb
  7605 | D:5      | Killed Eustachio
  7606 | D:5      | Reached skill level 1 in Invocations
  7769 | D:6      | Found a transporter.
  7785 | D:6      | Found a transporter.
  7788 | D:6      | Found a one-way gate to the infinite horrors of the Abyss.
  7853 | D:6      | Reached XP level 9. HP: 51/55 MP: 9/13
  8239 | D:6      | Reached * piety under Nemelex Xobeh
  8722 | D:6      | Reached skill level 5 in Invocations
  9290 | D:6      | Noticed a rakshasa
  9811 | D:7      | Received a gift from Nemelex Xobeh
 10042 | D:7      | Noticed Harold
 11154 | D:8      | Noticed a two-headed ogre
 11179 | D:8      | Noticed a two-headed ogre
 12295 | D:8      | Reached ** piety under Nemelex Xobeh
 12392 | D:8      | Found a hazy altar of Hepliaklqana.
 12432 | D:8      | Reached XP level 10. HP: 30/60 MP: 1/16
 13491 | D:9      | Received a gift from Nemelex Xobeh
 13780 | D:9      | Reached skill level 10 in Invocations
 14520 | D:9      | Reached skill level 1 in Armour
 14716 | D:10     | Entered Level 10 of the Dungeon
 16476 | D:10     | Found Rickiry's Assorted Antiques.
 16653 | D:5      | Bought a twisted buckler for 218 gold pieces
 16653 | D:5      | Identified the +0 buckler of Nath {rPois Regen+ MP-9 Int+5}
                  | (You bought it in a shop on level 5 of the Dungeon)
 16956 | D:10     | Noticed a two-headed ogre
 16977 | D:10     | Killed a two-headed ogre
 16978 | D:10     | Reached skill level 5 in Stealth
 16978 | D:10     | Reached skill level 1 in Shields
 16978 | D:10     | Reached XP level 11. HP: 67/67 MP: 6/19
 17233 | D:8      | Killed a two-headed ogre
 17366 | D:8      | Killed a two-headed ogre
 17515 | D:7      | Killed Harold
 17731 | D:11     | Noticed a two-headed ogre
 17778 | D:11     | Noticed a seven-headed hydra
 17781 | D:11     | Reached *** piety under Nemelex Xobeh
 17782 | D:11     | Killed a two-headed ogre
 17787 | D:11     | Noticed a two-headed ogre
 17983 | D:11     | Noticed a green ugly thing
 17995 | D:11     | Killed a green ugly thing
 18157 | D:11     | Identified the +1 morningstar "Leviticus" {venom, rC+
                  | Str+2}
 18195 | D:11     | Received a gift from Nemelex Xobeh
 18225 | D:11     | Found a staircase to the Lair.
 18261 | D:11     | Noticed a deep elf pyromancer
 18503 | D:11     | Killed a seven-headed hydra
 18504 | D:11     | Reached XP level 12. HP: 43/73 MP: 0/20
 19083 | D:11     | Killed a two-headed ogre
 19158 | D:11     | Noticed a seven-headed hydra
 19501 | D:11     | Noticed a boulder beetle
 19735 | D:11     | Reached skill level 5 in Shields
 19936 | D:11     | Found a staircase to the Orcish Mines.
 19982 | D:11     | Reached skill level 5 in Armour
 20492 | D:11     | Killed a boulder beetle
 20523 | D:11     | Identified the +2 helmet "Guth" {Int+2}
 20558 | D:11     | Received a gift from Nemelex Xobeh
 20562 | D:11     | Noticed a centaur warrior
 20847 | Lair:1   | Entered Level 1 of the Lair of Beasts
 20851 | Lair:1   | Noticed Fannar
 21314 | D:10     | Reached skill level 10 in Dodging
 21608 | D:11     | Reached XP level 13. HP: 77/78 MP: 10/22
 21673 | D:11     | Learned a level 4 spell: Passage of Golubria
 21688 | D:11     | Killed a centaur warrior
 22261 | Lair:1   | Noticed Erica
 22284 | Lair:1   | Killed Erica
 22336 | Lair:1   | Got the Almanac of Enthralling Earth
 22349 | Lair:1   | Noticed an eight-headed hydra
 22593 | Lair:1   | Reached **** piety under Nemelex Xobeh
 22702 | Lair:1   | Reached skill level 1 in Hexes
 23167 | Lair:1   | Found the +8 whip "Snakebite" {venom, curare, rPois}
 23459 | Lair:1   | Reached skill level 1 in Maces & Flails
 23878 | Lair:1   | Killed Fannar
 24139 | Lair:2   | Received a gift from Nemelex Xobeh
 24362 | Lair:2   | Noticed a six-headed hydra
 24443 | Lair:2   | Found a broken altar of Ashenzari.
 24987 | D:5      | Bought a runed scarf for 184 gold pieces
 25227 | D:10     | Killed a one-headed hydra
 25390 | Lair:2   | Found a staircase to the Shoals.
 25547 | Lair:2   | Learned a level 4 spell: Cause Fear
 25581 | Lair:3   | Received a gift from Nemelex Xobeh
 25670 | Lair:3   | Reached skill level 5 in Maces & Flails
 25703 | Lair:3   | Found a staircase to the Snake Pit.
 25896 | Lair:3   | Reached skill level 5 in Hexes
 25946 | Lair:3   | Identified the +3 long sword "Zuetoyni" {flame, rElec rF-
                  | rC+ rN+}
 25962 | Lair:3   | Noticed a seven-headed hydra
 26212 | Lair:3   | Reached XP level 14. HP: 84/84 MP: 14/23
 26548 | Lair:3   | Received a gift from Nemelex Xobeh
 27029 | Lair:4   | Reached ***** piety under Nemelex Xobeh
 27445 | Lair:4   | Identified the +1 chain mail "Nicym" {Int+5}
 27707 | Lair:4   | Received a gift from Nemelex Xobeh
 28247 | Lair:5   | Reached skill level 10 in Hexes
 28639 | Lair:5   | Received a gift from Nemelex Xobeh
 29165 | Lair:6   | Entered Level 6 of the Lair of Beasts
 29268 | Lair:6   | Found a gate leading to a gauntlet.
 29274 | Gauntlet | Entered a Gauntlet
 29274 | Gauntlet | Found a transporter.
 29274 | Gauntlet | Found a transporter.
 29285 | Gauntlet | Found a transporter.
 29300 | Gauntlet | Found a transporter.
 29372 | Gauntlet | Found a transporter.
 29380 | Gauntlet | Found a transporter.
 29381 | Gauntlet | Received a gift from Nemelex Xobeh
 29403 | Gauntlet | Found a transporter.
 29413 | Gauntlet | Found a transporter.
 29509 | Gauntlet | Found a transporter.
 29517 | Gauntlet | Found a transporter.
 29541 | Gauntlet | Found a transporter.
 29551 | Gauntlet | Found a transporter.
 29566 | Gauntlet | Found a transporter.
 29642 | Gauntlet | Found a transporter.
 29666 | Gauntlet | Found a transporter.
 29678 | Gauntlet | Found a transporter.
 29678 | Gauntlet | Received a gift from Nemelex Xobeh
 29761 | Gauntlet | Identified the +4 pair of gloves of the Cuttlefish {rF-
                  | rN+++ Will+ Int+2}
 29908 | Gauntlet | Identified the +5 hat of Immorality {Harm Rampage Drain
                  | Will+++}
 29967 | Gauntlet | Identified the ring of Deyden {Will+ Str+5 Dex+3}
 30040 | Gauntlet | Identified the amulet of Wolues {Acrobat rCorr}
 30040 | Gauntlet | Noticed a minotaur
 30044 | Gauntlet | Killed a minotaur
 30614 | Lair:6   | Reached XP level 15. HP: 79/90 MP: 11/24
 30710 | Lair:6   | Found a runed translucent door.
 30710 | Lair:6   | Found a viscous altar of Jiyva.
 30711 | Lair:6   | Found a staircase to the Slime Pits.
 30889 | Lair:6   | Learned a level 3 spell: Confusing Touch
 31260 | Lair:6   | Noticed Urug
 31299 | Lair:6   | Killed Urug
 31582 | Lair:6   | Reached skill level 10 in Fighting
 31654 | Lair:6   | Received a gift from Nemelex Xobeh
 31752 | Lair:6   | Found a burning altar of Makhleb.
 32090 | Lair:6   | Found a gateway to Hell.
 32286 | Lair:6   | Reached skill level 10 in Stealth
 32564 | Orc:1    | Entered Level 1 of the Orcish Mines
 33024 | Orc:1    | Reached ****** piety under Nemelex Xobeh
 33057 | Orc:2    | Entered Level 2 of the Orcish Mines
 33093 | Orc:2    | Noticed Donald
 33124 | Orc:2    | Killed Donald
 33256 | Orc:2    | Found a staircase to the Elven Halls.
 34352 | Orc:2    | Found Erphigoj's Weapon Shoppe.
 34474 | Orc:2    | Reached skill level 15 in Dodging
 34502 | Orc:2    | Found Hishuel's General Store.
 34512 | Orc:2    | Found Piucru's Magic Scroll Shop.
 34514 | Orc:2    | Found Reur's General Store.
 34517 | Orc:2    | Bought a scroll of teleportation for 33 gold pieces
 34517 | Orc:2    | Bought a scroll of teleportation for 33 gold pieces
 34517 | Orc:2    | Bought a scroll of identify for 22 gold pieces
 34517 | Orc:2    | Bought a scroll of identify for 22 gold pieces
 34517 | Orc:2    | Bought a scroll of fog for 22 gold pieces
 34517 | Orc:2    | Bought a scroll of fear for 38 gold pieces
 34725 | D:12     | Received a gift from Nemelex Xobeh
 34885 | D:12     | Noticed Frances
 34892 | D:12     | Killed Frances
 35170 | D:12     | You fall into a shaft and drop 1 floor!
 35214 | D:13     | Noticed Azrael
 35348 | D:13     | Reached XP level 16. HP: 78/97 MP: 16/25
 35433 | D:13     | Found a frozen archway.
 35450 | IceCv    | Entered an ice cave
 35725 | IceCv    | Received a gift from Nemelex Xobeh
 36432 | D:13     | Reached skill level 15 in Stealth
 36452 | D:13     | Found Mefean's Antique Weapon Shoppe.
 36486 | D:13     | Killed from afar by Azrael

Illustrated notes

Levels and vault maps discovered:
D:1:      wheals_arrival_shading, layout_loops_ring, minmay_misc_feat_five
D:2:      layout_rooms, ebering_ecumenical_altar_box
D:3:      layout_rooms, gup_sewer_entry_bowl, serial_shops, shop
D:4:      layout_gridville, uniq_sigmund
D:5:      layout_loops_ring, minmay_temple_entry_slanted, serial_shops,
          nicolae_diamond_shop, kennysheep_doodads, minmay_misc_feat_cross,
          uniq_eustachio, uniq_ijyb
D:6:      layout_basic, gammafunk_ghost_abyssal_escape
D:7:      layout_basic, enter_bailey_4, hangedman_decor_lopped, uniq_harold
D:8:      layout_loops_cross, nicolae_overflow_crystal_walls
D:9:      layout_roguey, serial_bayou_pond_c
D:10:     layout_loops_ring, serial_shops, kennysheep_mini_moat,
          lemuel_flamethrower_2
D:11:     regret_index_combs_of_tragedy, layout_irregular_city,
          due_lair_maze_entry_diamond, david_orc_4
D:12:     layout_roguey, uniq_frances
D:13:     layout_basic, serial_shops, nicolae_shop_advertising_works
          [nicolae_subvault_shop_adworks], portal_ice_cave_rime, uniq_azrael
Temple:   mainiacjoe_temple_archimedes_tessellation
Lair:1:   minmay_guarded_unrand_snakebite, layout_chaotic_city,
          lemuel_fruit_tree, uniq_fannar, uniq_erica
Lair:2:   layout_misc_corridors, minmay_shoals_entry_hut, basic_altar,
          minivault_27
Lair:3:   layout_gridlike, minmay_snake_entry_guardpost_small
Lair:4:   layout_gridlike, grunt_megastairs_5
Lair:5:   layout_regular_city
Lair:6:   evil_forest, layout_hall_layers, slime_altar_2,
          gauntlet_entry_generic, lemuel_fruit_fields, grunt_megastairs_3,
          uniq_urug
Orc:1:    layout_caves
Orc:2:    st_orc_elflike, layout_caves, nicolae_orc_pool_cavern, uniq_donald

Skill      XL: |  1  2  3  4  5  6  7  8  9 10 11 12 13 14 15 16 |
---------------+-------------------------------------------------+-----
Fighting       | 3 4 5 6 7 8 9 10 | 10.0
Dodging        | 3 6 7 8 10 12 15 | 15.0
Translocations | 4 5 6 |  6.0
Spellcasting   | 3 4 |  4.0
Evocations     | 2 3 4 |  4.0
Short Blades   | 3 5 6 8 |  8.0
Stealth        | 1 4 5 7 8 13 15 | 15.0
Invocations    | 2 8 10 11 12 | 12.6
Armour         | 2 3 5 |  5.0
Shields        | 1 3 5 |  5.0
Hexes          | 5 10 11 | 11.2
Maces & Flails | 5 |  5.0
Throwing       | |  1.1

Action                   |  1- 3 |  4- 6 |  7- 9 | 10-12 | 13-15 | 16-18 || total
-------------------------+-------+-------+-------+-------+-------+-------++-------
Melee: Short sword       |   114 |   182 |   383 |  1002 |   518 |   121 ||  2320
       Punch             |     2 |     3 |     4 |     5 |       |       ||    14
       Peck              |       |     8 |    93 |   278 |   508 |   108 ||   995
       Long sword        |       |       |    29 |    16 |       |       ||    45
       Whip              |       |       |       |       |  1232 |    95 ||  1327
       Scimitar          |       |       |       |       |    38 |    17 ||    55
       Dagger            |       |       |       |       |       |    12 ||    12
Throw: Dart              |     7 |    14 |    34 |    90 |    25 |       ||   170
       Boomerang         |       |     1 |       |       |     4 |       ||     5
       Throwing net      |       |       |       |     1 |     2 |       ||     3
 Cast: Blink             |       |     2 |     6 |     2 |     2 |     1 ||    13
       Gell's Gravitas   |       |     1 |     1 |     8 |     4 |       ||    14
       Confusing Touch   |       |       |       |       |    18 |    23 ||    41
Invok: Draw Destruction  |       |       |     1 |     6 |    19 |       ||    26
       Draw Escape       |       |       |       |     8 |     2 |       ||    10
       Draw Summoning    |       |       |       |     1 |     7 |       ||     8
       Stack Five        |       |       |       |       |     1 |       ||     1
Evoke: Wand              |       |     1 |    19 |    27 |     2 |       ||    49
  Use: Scroll            |       |     5 |     3 |     7 |    17 |     2 ||    34
       Potion            |       |     3 |     1 |     1 |     4 |       ||     9
 Stab: Sleeping          |     8 |     7 |    15 |     8 |    36 |    10 ||    84
       Distracted        |       |       |     1 |     1 |     4 |       ||     6
       Confused          |       |       |       |       |    30 |    28 ||    58
Armor: Leather armour    |    29 |    62 |    99 |    45 |       |       ||   235
       Scale mail        |       |       |       |   348 |   489 |    74 ||   911
Dodge: Dodged            |    85 |   162 |   300 |   657 |  1102 |   177 ||  2483
Block: Buckler           |       |       |       |   281 |   579 |    46 ||   906
